 Dungeon Crawl Stone Soup version 0.31-a0-233-g139696dc86 (webtiles) character file.

Game seed: 14822318748466643406

707 Ofeo the Trooper (level 7, -9/63 HPs)
             Began as an Armataur Reaver on July 9, 2023.
             Mangled by an orc wizard
             ... wielding a +0 dagger of electrocution
              (17 damage)
             ... on level 5 of the Dungeon.
             The game lasted 00:06:07 (5023 turns).

Ofeo the Trooper (Armataur Reaver)                  Turns: 5023, Time: 00:06:08

Health: -9/63      AC:  9    Str: 19    XL:     7   Next: 39%
Magic:  0/10       EV: 14    Int: 14    God:
Gold:   121        SH:  0    Dex:  8    Spells: 9/10 levels left

rFire   + + .        e - +0 glaive
rCold   . . .        (shield currently unavailable)
rNeg    . . .        q - +2 ring mail {rF+}
rPois   .            (no helmet)
rElec   .            (no cloak)
rCorr   .            p - +1 pair of gloves
SInv    .            (no barding)
Will    .....        f - amulet of guardian spirit Stlth
                     k - ring of protection from fire
HPRegen 0.30/turn    m - +5 ring of evasion
MPRegen 0.12/turn

%: guardian spirit, roll
@: about to teleport
A: large, rugged brown scales 3, deformed body, armoured tail, roll, long
tongue, awkward tongue
a: no special abilities


You were on level 5 of the Dungeon.
You visited 1 branch of the dungeon, and saw 5 of its levels.

You collected 121 gold pieces.

Inventory:

Hand Weapons
 a - a +0 hand axe
 e - a +0 glaive (weapon)
Missiles
 l - 5 poisoned darts
Armour
 b - a +0 leather armour
 d - a +0 chain mail
 p - a +1 pair of gloves (worn)
 q - a +2 ring mail of fire resistance (worn)
Jewellery
 f - an amulet of guardian spirit (around neck)
 k - a ring of protection from fire (left hand)
 m - a +5 ring of evasion (right hand)
 s - a +6 ring of intelligence
Wands
 t - a wand of light (2)
Scrolls
 g - 2 scrolls of immolation
 i - a scroll of identify {@r1}
 j - 2 scrolls of blinking {@r4}
 n - a scroll of amnesia
 r - a scroll of brand weapon {unknown}
 u - a scroll of enchant armour
 x - a scroll of revelation {unknown}
Potions
 c - a potion of mutation
 h - a potion of brilliance
 v - a potion of berserk rage {unknown}
 w - a potion of degeneration {unknown}


   Skills:
 + Level 4.2 Fighting
 - Level 3.5 Axes
 + Level 3.2 Throwing
 + Level 3.5 Dodging
 - Level 2.1 Spellcasting
 - Level 3.0 Conjurations


You had 9 spell levels left.
You knew the following spells:

 Your Spells              Type           Power      Damage    Failure   Level
a - Kiss of Death         Conj/Necr      20%        2d7       22%         1

Your spell library contained the following spells:

 Spells                   Type           Power      Damage    Failure   Level
 Momentum Strike          Conj/Tloc      10%        3d8       32%         2
 Slow                     Hex            4%         N/A       38%         1
 Sting                    Tmut/Pois      4%         1d3       38%         1
 Poisonous Vapours        Pois/Air       2%         N/A       52%         2
 Hailstorm                Conj/Ice       5%         3d4       54%         3
 Confusing Touch          Hex            1%         N/A       77%         3
 Inner Flame              Hex/Fire       1%         N/A       77%         3
 Ozocubu's Armour         Ice            1%         N/A       77%         3
 Vampiric Draining        Necr           1%         2d6       77%         3
 Olgreb's Toxic Radiance  Pois           1%         N/A       99%         4
 Metabolic Englaciation   Hex/Ice        0%         N/A       100%        5
 Yara's Violent Unravell  Hex/Tmut       0%         3d3       100%        5
 Simulacrum               Ice/Necr       0%         N/A       100%        6
 Enfeeble                 Hex            0%         N/A       100%        7


Dungeon Overview and Level Annotations

Branches:
Dungeon (5/15)
 Temple: D:4-7

Altars:


Innate Abilities, Weirdness & Mutations

You are completely covered in rugged brown scales. (AC +3, +7% HP)
Armour fits poorly on your strangely shaped body.
You have a long armoured tail.
You roll when moving toward enemies. (Rampage)
Your long tongue fully drains potion bottles. (2x potion effects)
Your tongue gives you trouble enunciating. (1.5x scroll delay)


Message History

Something unexpectedly blocked you, preventing you from rolling!
You hit something but do no damage. You tail-slap something.
Something hits you but does no damage.
You are electrocuted!
The orc barely misses you. x2; Something hits you but does no damage.
You take 8 damage, and have 24/63 hp.
You now have 7/10 mp.
Something unexpectedly blocked you, preventing you from rolling!
You barely miss something. Something hits you. The orc misses you.
You take 1 damage, and have 23/63 hp.
Something unexpectedly blocked you, preventing you from rolling!
You closely miss something.
Your tail-slap misses something.
You hear some strange, mumbled words.
You are confused.
The orc hits you with a +0 club. Something hits you but does no damage.
The orc hits you with a +0 club.
You take 2 damage, and have 21/63 hp.
The orc barely misses you.
You bump into the rock wall.
The orc hits you but does no damage. Something hits you.
You take 2 damage, and have 20/63 hp.
You barely miss the orc. You tail-slap the orc.
The orc is moderately wounded.
Something hits you but does no damage. The orc misses you.
Something barely misses you. The orc hits you but does no damage.
The orc closely misses you. The orc closely misses you.
Something hits you but does no damage.
You are electrocuted!!
* * * LOW HITPOINT WARNING * * *
You take 13 damage, and have 8/63 hp.
MASSIVE DAMAGE!!
You now have 3/10 mp.
Something hits you but does no damage. The orc attacks as you move away!
The orc barely misses you.
You feel less confused.
The orc throws a stone.
The stone closely misses you. Something barely misses you.
The orc throws a stone.
The stone barely misses you.
As you slowly read the scroll of teleportation {@r3}, it crumbles to dust.
You feel strangely unstable. Something hits you but does no damage.
Something hits you.
* * * LOW HITPOINT WARNING * * *
You are electrocuted!!
You die...

# #.....<.....# ##
#..<........# .#
#...........#
.####(.........#
...##..........#
.#)##.###.##...# ##
......# #.##...# ..###
..##..###.##...###......
..............f.@.......
.####.###.##..o###..?...
.# #.# #.##...# .#... .#
#.# #.###)## # . ## #.#
#.# #.# #.#
#............
.##...####.##..# ....
... ... #..


You could see a sleepcap and an orc.

Vanquished Creatures
  Sigmund (D:3)
  An ogre (D:5)
  2 scorpions
  2 orc priests (D:3)
  2 sleepcaps
  An iguana (D:4)
  2 orc wizards
  5 adders
  2 ufetubi
  2 worms
  A dart slug (D:1)
  12 orcs
  4 bats
  8 endoplasms
  4 giant cockroaches
  5 goblins
  7 hobgoblins
  2 jackals (D:3)
  5 kobolds
  2 quokkas (D:1)
  5 ball pythons
  3 frilled lizards
  2 rats
80 creatures vanquished.

Notes
Turn   | Place    | Note
-------+----------+-------------------------------------------
     0 | D:1      | Ofeo the Armataur Reaver began the quest for the Orb.
     0 | D:1      | Reached XP level 1. HP: 18/18 MP: 3/3
   278 | D:1      | Reached XP level 2. HP: 25/25 MP: 4/4
   361 | D:1      | Found a faded altar of an unknown god.
   369 | D:1      | Reached skill level 2 in Fighting
  1266 | D:2      | Reached XP level 3. HP: 29/31 MP: 6/6
  1581 | D:2      | Reached XP level 4. HP: 39/39 MP: 7/7
  2205 | D:3      | Noticed Sigmund
  2218 | D:3      | Killed Sigmund
  2219 | D:3      | Reached skill level 3 in Fighting
  2219 | D:3      | Reached skill level 1 in Throwing
  2219 | D:3      | Reached XP level 5. HP: 21/48 MP: 8/8
  2552 | D:3      | Reached XP level 6. HP: 16/54 MP: 9/9
  4739 | D:5      | Entered Level 5 of the Dungeon
  4759 | D:5      | Reached XP level 7. HP: 62/62 MP: 10/10
  4818 | D:5      | Reached skill level 4 in Fighting
  5023 | D:5      | Mangled by an orc wizard

Illustrated notes

Levels and vault maps discovered:
D:1:      matt_arrival_grand_opening, layout_loops_corners,
          chequers_ecumenical_altar_simple
D:2:      layout_basic, kennysheep_cross_room
D:3:      layout_basic, serial_park_tiny_1, uniq_sigmund
D:4:      layout_basic, glass_columns_a
D:5:      wad_river_or_something, layout_rooms, due_unseen_surprise, uniq_ijyb

Skill      XL: |  1  2  3  4  5  6  7 |
---------------+----------------------+-----
Fighting       | 2 3 4 |  4.2
Spellcasting   | 2 |  2.1
Conjurations   | 3 |  3.0
Dodging        | 2 3 |  3.5
Axes           | 3 |  3.5
Throwing       | 1 2 3 |  3.2

Action                     |  1- 3 |  4- 6 |  7- 9 || total
---------------------------+-------+-------+-------++-------
  Melee: Hand axe          |    85 |    86 |       ||   171
         Tailslap          |     9 |    18 |     7 ||    34
         Punch             |     1 |     3 |       ||     4
         Glaive            |       |    65 |    39 ||   104
  Throw: Dart              |       |     5 |       ||     5
    Use: Scroll            |       |    12 |     1 ||    13
         Potion            |       |     2 |       ||     2
 Armour: Chain mail        |    54 |    55 |       ||   109
         Ring mail         |       |    43 |    24 ||    67
  Dodge: Dodged            |    30 |   113 |    42 ||   185

Table legend: (Time is in decaauts)
 A = Elapsed time spent in this place.
 B = Non-inter-level travel time spent in this place.
 C = Inter-level travel time spent in this place.
 D = Time resting spent in this place.
 E = Time spent auto-exploring this place.
 F = Levels seen in this place.
 G = Mean time per level.
                   A        B        C        D        E       F      G
               +--------+--------+--------+--------+--------+-----+--------+
         Total |   5113 |   4880 |    233 |    798 |   3315 |   5 | 1022.6 |
       Dungeon |   5113 |   4880 |    233 |    798 |   3315 |   5 | 1022.6 |
               +--------+--------+--------+--------+--------+-----+--------+

Top non-repeatable levels by time:
     D:3: 1578 daAuts
     D:4: 1122 daAuts
     D:1: 1100 daAuts
     D:2: 1000 daAuts
     D:5: 312 daAuts
